 Dungeon Crawl Stone Soup version 0.22-a0-348-gd16d1391c7 (webtiles) character file.

778 Laan the Purveyor of Pain (level 7, 0/46 HPs)
             Began as a Mummy Necromancer on Apr 12, 2018.
             Was an Initiate of Kikubaaqudgha.
             Slain by a bullfrog skeleton (2 damage)
             ... on level 5 of the Dungeon.
             The game lasted 00:13:03 (6128 turns).

Laan the Purveyor of Pain (Mummy Necromancer)       Turns: 6128, Time: 00:13:04

Health: 0/46       AC:  5    Str:  8    XL:     7   Next: 54%
Magic:  16/16      EV: 12    Int: 24    God:    Kikubaaqudgha [......]
Gold:   259        SH:  0    Dex: 17    Spells: 10/18 levels left

rFire    x . .     SeeInvis .   k - +0 long sword
rCold    + . .     Gourm    .   (no shield)
rNeg     + + +     Faith    .   m - +2 robe "Oskoah" {Str-4 Int+8 Dex+5 Stlth-}
rPois    ∞         Spirit   .   b - +0 helmet
rElec    .         Reflect  .   (no cloak)
rCorr    .         Harm     .   (no gloves)
MR       .....                  (no boots)
Stlth    ++........             (no amulet)
HPRegen  0.15/turn              d - ring of stealth
MPRegen  0.15/turn              (no ring)

@: no status effects
A: no food or potions, fire vulnerability, cold resistance 1, negative energy
resistance 3, torment resistance, unbreathing
a: Renounce Religion


You were on level 5 of the Dungeon.
You worshipped Kikubaaqudgha.
Kikubaaqudgha was noncommittal.
You were not hungry.

You visited 1 branch of the dungeon, and saw 5 of its levels.

You collected 259 gold pieces.

Inventory:

Hand Weapons
 k - a +0 long sword (weapon)
Armour
 b - a +0 helmet (worn)
 m - the +2 robe "Oskoah" (worn) {Str-4 Int+8 Dex+5 Stlth-}
   (You found it on level 4 of the Dungeon)

   It affects your strength (-4).
   It affects your intelligence (+8).
   It affects your dexterity (+5).
   It makes you less stealthy.
Jewellery
 d - a ring of stealth (left hand)
 n - an uncursed ring of stealth
Scrolls
 c - 2 scrolls of identify
 e - 5 scrolls of teleportation {unknown}
 f - 2 scrolls of remove curse {unknown}
 g - a scroll of immolation {unknown}
 h - 3 scrolls of magic mapping {unknown}
 i - a scroll of blinking {unknown}
 j - a scroll of noise {unknown}
 l - a scroll of amnesia {unknown}
 o - a scroll of random uselessness {unknown}


   Skills:
 - Level 1.5 Dodging
 - Level 1.5 Stealth
 + Level 6.3 Spellcasting
 * Level 8.0 Necromancy


You had 10 spell levels left.
You knew the following spells:

 Your Spells              Type           Power        Failure   Level  Hunger
a - Pain                  Necr           ####         1%          1    N/A
b - Vampiric Draining     Necr           #####.....   1%          3    N/A
c - Animate Dead          Necr           N/A          2%          4    N/A

Dungeon Overview and Level Annotations

Branches:
Dungeon (5/15)             Temple (0/1) D:4

Altars:
Ashenzari
Gozag
Kikubaaqudgha
Zin

Annotations:
D:4 Stone's ghost, amateur DsGl


Innate Abilities, Weirdness & Mutations

You do not eat or drink.
Your flesh is vulnerable to fire.
You are immune to poison.
Your flesh is cold resistant. (rC+)
You are immune to negative energy. (rN+++)
You are immune to unholy pain and torment.
You can survive without breathing.


Message History

The bullfrog skeleton is moderately damaged.
The bullfrog skeleton hits you!
* * * LOW HITPOINT WARNING * * *
You barely miss the bullfrog skeleton.
The bullfrog skeleton is moderately damaged.
The bullfrog skeleton hits you.
* * * LOW HITPOINT WARNING * * *
The bullfrog skeleton hits you.
* * * LOW HITPOINT WARNING * * *
The bullfrog skeleton misses you.
You riposte.
You barely miss the bullfrog skeleton.
The bullfrog skeleton is moderately damaged.
That item cannot be evoked!
Unknown command.
Unknown command.
As you read the scroll labeled IGOKIH EL KOJUVE, it crumbles to dust.
You assume a fearsome visage.
The bullfrog skeleton is unaffected.
It was a scroll of fear.
The bullfrog skeleton hits you.
You die...
Kikubaaqudgha rasps: "You have failed me!
Welcome... oblivion!"

.#
#.......................
.##
####.......#######......
..# ##......# #......
..# # #......# #......
..#.# #......# #....(.
..#.# #......# #......
....# (#####.###.#
#...... ....#
...........# #####'#
....# .#####@##.# ##.#
....####...#####Z.#.#
#...
..................#.#
#### ..#####
#########.#.# ..# #...#
#.#+## #...# #...<#+####
#$..# ........... #..>#
##......... #.###


You could see a bullfrog skeleton.

Vanquished Creatures
  An ice beast (D:5)
  3 ogres
  A water moccasin skeleton (D:4)
  2 bullfrog skeletons (D:4)
  An orc priest (D:4)
  An orc wizard (D:4)
  2 worker ants (D:5)
  2 hound skeletons
  6 gnolls
  3 adders
  6 worms
  A dart slug (D:1)
  3 leopard geckos
  9 orcs
  A ball python (D:2)
  8 giant cockroaches
  9 goblins
  7 hobgoblins
  8 kobolds
  6 quokkas
  9 bats
  10 frilled lizards
  A leopard gecko skeleton (D:5)
  2 quokka skeletons (D:5)
  8 rats
110 creatures vanquished.

Vanquished Creatures (others)
  A human (D:4)
1 creature vanquished.

Grand Total: 111 creatures vanquished

Notes
Turn   | Place    | Note
-------+----------+-------------------------------------------
     0 | D:1      | Laan the Mummy Necromancer began the quest for the Orb.
     0 | D:1      | Reached XP level 1. HP: 13/13 MP: 4/4
   496 | D:1      | Reached XP level 2. HP: 19/19 MP: 3/6
  1699 | D:2      | Reached XP level 3. HP: 24/24 MP: 5/7
  2113 | D:2      | Reached skill level 5 in Necromancy
  2216 | D:2      | Reached XP level 4. HP: 9/30 MP: 3/9
  3309 | D:3      | Found a shattered altar of Ashenzari.
  3774 | D:3      | Reached XP level 5. HP: 35/35 MP: 9/11
  4269 | D:4      | Noticed an ogre
  4276 | D:4      | Killed an ogre
  4276 | D:4      | Reached skill level 6 in Necromancy
  4397 | D:4      | Found a staircase to the Ecumenical Temple.
  4462 | D:4      | Reached skill level 5 in Spellcasting
  4462 | D:4      | Reached XP level 6. HP: 41/41 MP: 9/13
  4687 | D:4      | Found an ancient bone altar of Kikubaaqudgha.
  4696 | D:4      | Noticed a human
  4699 | D:4      | Became a worshipper of Kikubaaqudgha
  4699 | D:4      | Killed a human
  4709 | D:4      | Found an opulent altar of Gozag.
  4709 | D:4      | Found a glowing silver altar of Zin.
  4867 | D:4      | Got a fabulously ornate robe
  4868 | D:4      | Identified the +2 robe "Oskoah" {Str-4 Int+8 Dex+5 Stlth-} (You found it on level 4 of the Dungeon)
  4950 | D:4      | Reached skill level 7 in Necromancy
  5214 | D:4      | Noticed Stone's ghost (amateur DsGl)
  5356 | D:3      | Learned a level 3 spell: Vampiric Draining
  5361 | D:3      | Learned a level 4 spell: Animate Dead
  5642 | D:5      | Entered Level 5 of the Dungeon
  5656 | D:5      | Noticed an ice beast
  5664 | D:5      | Killed an ice beast
  5664 | D:5      | Reached XP level 7. HP: 30/46 MP: 7/15
  5905 | D:5      | Reached skill level 8 in Necromancy
  6125 | D:5      | HP: 2/46 [bullfrog skeleton (4)]
  6128 | D:5      | Slain by a bullfrog skeleton

Vault maps used:
D:1:      dpeg_arrival_central
D:3:      lemuel_doored_altar
D:4:      grunt_temple_overflow_gold_and_silver, temple_pool_b, first_ration,
          tgw_kikubaaqudgha
D:5:      yredelemnul_forgotten_temple_becter, tso_oasis_becter,
          minmay_misc_feat_enclosed, kennysheep_generic_room_8,
          uniq_blork_the_orc

Skill      XL: |  1  2  3  4  5  6  7 |
---------------+----------------------+-----
Spellcasting   | 3 4 5 6 |  6.3
Necromancy     | 5 6 7 8 |  8.0
Dodging        | |  1.5
Stealth        | |  1.5

Action                   |  1- 3 |  4- 6 |  7- 9 || total
-------------------------+-------+-------+-------++-------
Melee: Dagger            |     3 |    13 |       ||    16
       Long sword        |       |    27 |    16 ||    43
 Cast: Pain              |    73 |   160 |    22 ||   255
       Animate Dead      |       |     1 |       ||     1
  Use: Scroll            |       |     1 |     1 ||     2
 Stab: Sleeping          |       |     1 |       ||     1
Armor: Robe              |     7 |    12 |     7 ||    26
Dodge: Dodged            |     7 |    50 |    16 ||    73
       Rpst.: Long sword |       |     9 |     7 ||    16

Table legend:
 A = Spawn XP
 B = Non-spawn XP
 C = Spawn XP percentage of total XP
 D = Spawn monster count
 E = Non-spawn monster count
 F = Spawn count percentage of total count
 G = Total turns spent on level
                    A         B        C        D         E        F      G
               +---------+---------+-------+---------+---------+-------+---------
         Total |       0 |    1112 |   0.0 |       0 |     110 |   0.0 |  6128
               +---------+---------+-------+---------+---------+-------+---------
           D:1 |       0 |      52 |   0.0 |       0 |      24 |   0.0 |  1798
           D:2 |       0 |      65 |   0.0 |       0 |      25 |   0.0 |  1247
           D:3 |       0 |     111 |   0.0 |       0 |      31 |   0.0 |  1254
           D:4 |       0 |     447 |   0.0 |       0 |      20 |   0.0 |  1343
           D:5 |       0 |     437 |   0.0 |       0 |      10 |   0.0 |   486
               +---------+---------+-------+---------+---------+-------+---------
